 Dungeon Crawl Stone Soup version 0.30.0-19-g36f170ea60 (webtiles) character file.

Game seed: 12272460122346457446

93 monsoonserge the Caller (level 4, 0/18 HPs)
             Began as a Felid Summoner on May 28, 2023.
             Slain by an orc
             ... wielding a +0 hand axe
              (6 damage)
             ... on level 3 of the Dungeon.
             The game lasted 00:08:03 (2032 turns).

monsoonserge the Caller (Felid Summoner)            Turns: 2032, Time: 00:08:03

Health: 0/18       AC:  1    Str:  4    XL:     4   Next: 37%
Magic:  2/8        EV: 17    Int: 18    God:
Gold:   100        SH:  0    Dex: 16    Spells: 5/8 levels left
                                        Lives:  0   Deaths: 1

rFire   . .          .
                       - Unarmed
rCold   . . .        (shield unavailable)
rNeg    . . .        (body armour unavailable)
rPois   .            (helmet unavailable)
rElec   .            (cloak unavailable)
rCorr   .            (gloves unavailable)
SInv    +            (boots unavailable)
Will    .....        (no amulet)
Stlth   ++           (no ring)
HPRegen 0.23/turn    (no ring)
MPRegen 0.11/turn

%: no passive effects
@: very slightly contaminated, quick
A: very small, claws 1, fangs 3, see invisible, speed 1, shaggy fur 1, stealthy
paws, no weapons or thrown items, no armour, multi-lived
a: no special abilities


You were on level 3 of the Dungeon.
You visited 1 branch of the dungeon, and saw 3 of its levels.

You collected 100 gold pieces.

Inventory:

Wands
 i - a wand of iceblast (13)
Scrolls
 c - 3 scrolls of enchant weapon {unknown}
 f - a scroll of blinking {unknown}
 g - 4 scrolls of teleportation {unknown}
 h - 3 scrolls of identify {unknown}
 l - a scroll of enchant armour {unknown}
 m - a scroll of fog {unknown}
Potions
 a - 3 potions of magic
 b - a potion of curing {unknown}
 d - a potion of attraction {unknown}
 e - a potion of mutation {unknown}
 j - 2 potions of might {unknown}
 k - 2 potions of resistance {unknown}
 n - a potion of degeneration {unknown}


   Skills:
 + Level 0.1 Fighting
 + Level 3.0 Dodging
 - Level 3.0 Stealth
 * Level 2.6 Unarmed Combat
 + Level 2.5 Spellcasting
 + Level 5.0 Summonings


You had 5 spell levels left.
You knew the following spells:

 Your Spells              Type           Power      Damage    Failure   Level
a - Summon Small Mammal   Summ           80%        N/A       2%          1
b - Call Imp              Summ           40%        N/A       3%          2

Your spell library contained the following spells:

 Spells                   Type           Power      Damage    Failure   Level
 Call Canine Familiar     Summ           20%        N/A       7%          3
 Summon Guardian Golem    Hex/Summ       11%        N/A       19%         3
 Summon Lightning Spire   Summ/Air       11%        N/A       52%         4


Dungeon Overview and Level Annotations

Branches:
Dungeon (3/15)

Altars:
Ashenzari
Vehumet

Shops:
D:3 =


Innate Abilities, Weirdness & Mutations

You have sharp claws.
You have razor-sharp teeth.
You have supernaturally acute eyesight. (SInv)
You cover ground quickly. (Speed+)
You are covered in fur. (AC +1)
Your paws help you pounce on unaware monsters.
You are incapable of wielding weapons or throwing items.
You cannot wear armour.
You gain extra lives every three experience levels.


Message History

A giant cockroach comes into view.
Found 7 gold pieces.
The giant cockroach moves out of view.
There is an open door here.
The orc shouts!
You scratch the orc but do no damage. The bat hits you but does no damage.
The bat misses you. The orc misses you. The bat closely misses you.
Casting: Summon Small Mammal (safe; 2% risk of failure)
Confirm with . or Enter, or press ? or * to list all spells.
You miscast Call Imp.
You are very lightly contaminated with residual magic.
Nothing appears to happen.
The bat closely misses you. The orc hits you with a +0 hand axe.
Casting: Call Imp (safe; 3% risk of failure)
Confirm with . or Enter, or press ? or * to list all spells.
You don't know that spell.
Casting: Call Imp (safe; 3% risk of failure)
Confirm with . or Enter, or press ? or * to list all spells.
The bat closely misses you. The orc closely misses you. The bat misses you.
Casting: Summon Small Mammal (safe; 2% risk of failure)
Confirm with . or Enter, or press ? or * to list all spells.
The bat misses you. The orc barely misses you.
You scratch the orc but do no damage. The bat barely misses you.
The orc closely misses you.
The giant cockroach barely misses your rat.
Your rat barely misses the bat.
You scratch the orc but do no damage. Your claw misses the orc.
The bat barely misses you. The orc hits you with a +0 hand axe.
Your quokka completely misses the bat.
The giant cockroach bites your rat.
Your rat misses the bat. You scratch the orc but do no damage.
The bat completely misses you. The orc hits you with a +0 hand axe.
The giant cockroach bites your rat. The bat hits you.
* * * LOW HITPOINT WARNING * * *
Unknown command.
Casting: Summon Small Mammal (safe; 2% risk of failure)
Confirm with . or Enter, or press ? or * to list all spells.
A tiny devil pulls itself out of the air.
The bat closely misses you.
Your rat barely misses the bat.
Your quokka closely misses the bat.
The orc hits you with a +0 hand axe.
You die...

#.#########
#.........#
#.........
##........#
#.........
##.......###
#.$.......
###.......#
#.........
#######.###..B.....#
#..##.rr.....#
##.##5b......#
#.##.@o.....#
#..'.>......#
########
####........#
.......# #........#
######.# #..!.....#
#.# ########## #<#
###


You could see an orc, a giant cockroach, a bat (ally target), a friendly
cerulean imp (summoned), a friendly quokka (summoned) and a friendly rat
(summoned).

Vanquished Creatures
  A howler monkey (D:2)
  An adder (D:2)
  2 dart slugs
  An orc (D:3)
  6 endoplasms
  3 goblins
  2 jackals (D:1)
  2 kobolds (D:2)
  2 quokkas
  2 ball pythons (D:2)
  2 bats
  3 frilled lizards
  5 rats (D:2)
32 creatures vanquished.

Vanquished Creatures (collateral kills)
  2 adders
  2 worms
  An orc (D:2)
  3 ball pythons
  3 endoplasms
  4 goblins
  A jackal (D:1)
  2 bats (D:1)
  A frilled lizard (D:1)
  2 kobolds
  A rat (D:3)
22 creatures vanquished.

Grand Total: 54 creatures vanquished

Notes
Turn   | Place    | Note
-------+----------+-------------------------------------------
     0 | D:1      | monsoonserge the Felid Summoner began the quest for the
                  | Orb.
     0 | D:1      | Reached XP level 1. HP: 7/7 MP: 4/4
   196 | D:1      | Reached XP level 2. HP: 11/11 MP: 3/6
   229 | D:1      | Learned a level 2 spell: Call Imp
   555 | D:1      | Reached XP level 3. HP: 14/14 MP: 7/7
   615 | D:1      | Found a faded altar of an unknown god.
  1143 | D:2      | Reached skill level 1 in Unarmed Combat
  1429 | D:2      | Reached XP level 4. HP: 18/18 MP: 8/8
  1555 | D:2      | Succumbed to an adder's poison
  1556 | D:2      | Reached XP level 3. HP: 0/14 MP: 5/7
  1587 | D:2      | Reached XP level 4. HP: 15/18 MP: 4/8
  1744 | D:3      | Reached skill level 5 in Summonings
  1843 | D:3      | Found a radiant altar of Vehumet.
  1845 | D:3      | Found a broken altar of Ashenzari.
  1930 | D:3      | Found Jaomp's Jewellery Boutique.
  2032 | D:3      | Slain by an orc

Illustrated notes

Levels and vault maps discovered:
D:1:      minmay_arrival_loop, layout_basic,
          shapermc_ecumenical_altar_acropolis, minivault_25,
          minmay_close_crescents
D:2:      layout_basic, nrook_loot_triangle, hangedman_decor_slide_cut,
          chequers_garden, grunt_ministairs_10, minmay_misc_feat_enclosed
D:3:      layout_basic, nicolae_overflow_hidden_temple, serial_shops,
          nicolae_shop_tiny_statue_garden

Skill      XL: |  1  2  3  4 |
---------------+-------------+-----
Unarmed Combat | 2 |  2.6
Stealth        | 3 |  3.0
Dodging        | 3 |  3.0
Summonings     | 5 |  5.0
Fighting       | |  0.1
Spellcasting   | |  2.5

Action                     |  1- 3 |  4- 6 || total
---------------------------+-------+-------++-------
  Melee: Unarmed           |   124 |    18 ||   142
         Bite              |    18 |     2 ||    20
         Punch             |     1 |       ||     1
   Cast: Summon Small Mamm |    23 |     8 ||    31
         Call Imp          |     4 |     4 ||     8
   Stab: Sleeping          |    10 |     1 ||    11
         Distracted        |     3 |       ||     3
 Armour: Skin              |     6 |     1 ||     7
  Dodge: Dodged            |   102 |    29 ||   131
